 Dungeon Crawl Stone Soup version 0.17-a0-1093-g0b3cd89 (webtiles) character file.

51 tehphobia the Caller (level 3, -3/16 HPs)
             Began as a Vine Stalker Summoner on May 20, 2015.
             Slain by Grinder (5 damage)
             ... while paralysed by Grinder
             ... on level 3 of the Dungeon.
             The game lasted 00:12:40 (2263 turns).

tehphobia the Caller (Vine Stalker Summoner)        Turns: 2263, Time: 00:12:40

Health: -3/16      AC:  3    Str: 10    XL:     3   Next: 81%
Magic:  0/8        EV:  2    Int: 16    God:
Gold:   87         SH:  0    Dex: 14    Spells: 2 memorised, 3 levels left

rFire  . . .     SeeInvis .     p - staff of air
rCold  . . .     Clarity  .     a - +1 robe
rNeg   . . .     SustAb   .     (no shield)
rPois  .         Gourm    .     (no helmet)
rElec  +         Spirit   +     (no cloak)
rCorr  .         Warding  .     (no gloves)
rMut   .         Stasis   .     (no boots)
MR     .....                    (no amulet)
Stlth  ++........               (no ring)
                                (no ring)

@: paralysed, very slightly contaminated, not resistant to hostile enchantments,
unstealthy
A: fangs 2, regeneration 1, magic shield, antimagic bite, no device heal 3, rot
immunity
a: no special abilities


You were on level 3 of the Dungeon.
You were hungry.

You visited 1 branch of the dungeon, and saw 3 of its levels.

You collected 87 gold pieces.

Inventory:

Armour
 a - a +1 robe (worn)
 i - a +0 robe
 j - a +0 robe
 n - a +0 pair of boots
 q - a +0 ring mail
 s - a +0 robe
 u - a +0 helmet
Magical staves
 p - an uncursed staff of air (weapon)
Jewellery
 k - an uncursed ring of protection from fire {unknown}
Magical devices
 h - a wand of slowing (18)
Scrolls
 d - a scroll of enchant armour
 e - a scroll of immolation
 f - a scroll of noise {unknown}
 g - a scroll of teleportation {unknown}
 m - a scroll of amnesia
Books
 b - a book of Callings

   Spells                             Type                      Level
   a - Summon Small Mammal            Summoning                    1
   b - Call Imp                       Summoning                    2
   c - Call Canine Familiar           Summoning                    3
   d - Summon Guardian Golem          Hexes/Summoning              3
   e - Summon Lightning Spire         Summoning/Air                4
   f - Summon Ice Beast               Ice/Summoning                4
Comestibles
 c - 3 bread rations
 l - a slice of pizza
 t - 3 chunks of flesh


   Skills:
 + Level 0.1 Fighting
 + Level 1.9 Dodging
 + Level 2.6 Stealth
 + Level 0.2 Unarmed Combat
 + Level 2.9 Spellcasting
 + Level 0.2 Hexes
 + Level 4.5 Summonings


You had 3 spell levels left.
You knew the following spells:

 Your Spells              Type           Power        Failure   Level  Hunger
a - Summon Small Mammal   Summ           ###.         3%          1    #......
b - Summon Guardian Gole  Hex/Summ       #.......     21%         3    ###....


Dungeon Overview and Level Annotations

Branches:
Dungeon (3/15)

Altars:
Qazlal

Annotations:
D:3 Grinder


Innate Abilities, Weirdness & Mutations

You have extremely sharp teeth.
Your natural rate of healing is unusually fast.
When hurt, damage is shared between your health and your magic reserves.
Your bite disrupts and absorbs the magic of your enemies.
Potions and wands cannot restore your health.
You are immune to rotting.


Message History

You kill the giant cockroach!
Your quokka bites the worm. x2
Grinder gestures at you. Pain shoots through your body!
The worm misses your quokka.
Your quokka bites the worm.
Your quokka bites the worm.
The worm bites your quokka.
Your rat bites Grinder but does no damage.
Grinder gestures at you.
You suddenly lose the ability to move!
Your quokka bites the worm.
Your quokka barely misses the worm.
The worm bites your quokka!
Your quokka dies!
Your quokka's corpse disappears in a puff of smoke!
Your rat closely misses Grinder.
Grinder hits you!
Ouch! That really hurt!
Grinder hits you.
* * * LOW HITPOINT WARNING * * *
You writhe in agony.
You die...

.....?....##.......
.................
................
#............
#....?.w.....
#.......#####
#...)...#
#...8..####
#..@5r....#
#.#.#####.#
#.#.....# #
#.#<#...#.#
#....)....#
###....#### ######


You could see Grinder, a worm, a friendly guardian golem and a friendly rat.

Vanquished Creatures
  An adder (D:2)
  2 bats
  2 giant cockroaches
  A goblin (D:2)
  A hobgoblin (D:2)
7 creatures vanquished.

Vanquished Creatures (collateral kills)
  An adder (D:2)
  An ooze (D:2)
  A worm (D:2)
  A ball python (D:2)
  4 giant cockroaches (D:1)
  11 goblins
  9 hobgoblins
  A quokka (D:2)
  6 bats
  4 giant newts
  2 kobolds
  A rat (D:1)
42 creatures vanquished.

Vanquished Creatures (others)
  3 quokkas
  10 bats
  4 rats
17 creatures vanquished.

Grand Total: 66 creatures vanquished

Notes
Turn   | Place    | Note
--------------------------------------------------------------
     0 | D:1      | tehphobia the Vine Stalker Summoner began the quest for the Orb.
     0 | D:1      | Reached XP level 1. HP: 9/9 MP: 4/4
   158 | D:1      | Reached XP level 2. HP: 13/13 MP: 1/6
  1031 | D:2      | Reached XP level 3. HP: 13/16 MP: 2/7
  1041 | D:2      | Learned a level 3 spell: Summon Guardian Golem
  1041 | D:2      | Found a stormy altar of Qazlal.
  1921 | D:3      | Noticed Grinder
  2259 | D:3      | Paralysed by Grinder for 7 turns
  2263 | D:3      | Slain by Grinder

Vault maps used:
D:1:      dpeg_arrival_rooms_a, minivault_27
D:2:      lemuel_coloured_pillars_altar, first_bread, uniq_jessica
D:3:      corexii_shack_village, overflow_temple_1_default, bloody_trog,
          uniq_grinder, uniq_sigmund

Action                   || total
-------------------------++-------
Melee: Unarmed           ||    18
       Staff             ||    23
 Cast: Summon Small Mamm ||    93
       Summon Guardian G ||     8
  Use: Scroll            ||     6
       Potion            ||     2
 Stab: Sleeping          ||     1
  Eat: Chunk             ||     5
